 Dungeon Crawl Stone Soup version 0.31-a0-1205-g5e5e916f41 (webtiles) character file.

Game seed: 2484860894452748027

3885 Malachi the Fighter (level 10, -3/83 HPs)
             Began as an Armataur Fighter on Dec 13, 2023.
             Slain by bezhaha's ghost (6 damage)
             ... on level 7 of the Dungeon.
             The game lasted 00:09:04 (6584 turns).

Malachi the Fighter (Armataur Fighter)              Turns: 6584, Time: 00:09:05

Health: -3/83      AC: 12    Str: 29      XL:     10   Next: 0%
Magic:  19/19      EV:  5    Int:  9      God:
Gold:   416        SH:  9    Dex:  6 (7)  Spells: 9/9 levels left

rFire   + . .        o - +9 morningstar of Uncomfortable Rashes {holy, rF+ MP+9 Str+3 Dex-2}
rCold   . . .        c - +0 buckler
rNeg    . . .        m - +0 plate armour
rPois   .            k - +1 hat
rElec   .            z - +0 cloak
rCorr   .            (no gloves)
SInv    +            (no barding)
Will    .....        u - amulet of reflection
Stlth   x              - ring of see invisible
HPRegen 0.98/turn    (no ring)
MPRegen 0.16/turn

%: reflection, roll
@: mighty
A: large, deformed body, tough skin 3, armoured tail, roll 2, long tongue
a: no special abilities


You were on level 7 of the Dungeon.
You visited 1 branch of the dungeon, and saw 7 of its levels.

You collected 416 gold pieces.

Inventory:

Hand Weapons
 h - a +5 short sword
 n - the +7 spear of the End of Times {drain, Dex+3}
   (You found it on level 2 of the Dungeon)

   Dex+3:     It affects your dexterity (+3).
 o - the +9 morningstar of Uncomfortable Rashes (weapon) {holy, rF+ MP+9 Str+3 Dex-2}
   (You acquired it on level 5 of the Dungeon)

   Str+3:     It affects your strength (+3).
   Dex-2:     It affects your dexterity (-2).
   rF+:       It protects you from fire.
   MP+9:      It affects your magic capacity (+9).
Missiles
 g - 2 curare-tipped darts
Armour
 c - a +0 buckler (worn)
 k - a +1 hat (worn)
 m - a +0 plate armour (worn)
 z - a +0 cloak (worn)
Jewellery
 q - a ring of magical power
 u - an amulet of reflection (around neck)
 x - a ring of see invisible (left hand)
 y - a ring of flight
Wands
 i - a wand of paralysis (15)
 r - a wand of iceblast (8)
 A - a wand of polymorph (9)
Scrolls
 a - a scroll of silence
 b - 4 scrolls of teleportation
 e - 6 scrolls of blinking
 f - 4 scrolls of immolation
 l - 3 scrolls of enchant weapon
 p - 3 scrolls of amnesia
Potions
 d - 2 potions of might
 j - a potion of curing
 t - a potion of cancellation {unknown}
 v - 3 potions of enlightenment {unknown}


   Skills:
 + Level 9.3 Fighting
 + Level 7.5 Maces & Flails
 - Level 4.4 Polearms
 - Level 5.0 Armour
 - Level 5.0 Shields


You had 9 spell levels left.
You didn't know any spells.
Your spell library contained the following spells:

 Spells                   Type           Power      Damage    Failure   Level
 Static Discharge         Conj/Air       0%         3-3/arc   100%        2
 Airstrike                Air            0%         2d(0-16)  100%        4
 Summon Lightning Spire   Summ/Air       0%         N/A       100%        4


Dungeon Overview and Level Annotations

Branches:
Dungeon (7/15)             Temple (0/1) D:5

Altars:
Cheibriados
Kikubaaqudgha
Okawaru
Uskayaw
Yredelemnul

Shops:
D:3 (   D:4 :

Portals:
Abyss: D:7

Annotations:
D:7 1 transporter, bezhaha's ghost, novice TrSh


Innate Abilities, Weirdness & Mutations

Armour fits poorly on your strangely shaped body.
You have extremely tough skin. (AC +3)
You have a long armoured tail.
You roll and regenerate health when moving toward enemies. (Rampage Heal)
Your long tongue fully drains potion bottles. (2x potion effects)


Message History

The quasit claws you but does no damage.
You block the quasit's attack. Bezhaha's ghost hits you!!
The quasit bites you but does no damage.
The quasit barely misses you. The quasit claws you. Bezhaha's ghost hits you!
* * * LOW HITPOINT WARNING * * *
You feel much better.
You slurp down every last drop of the potion of heal wounds!
You block the quasit's attack. The quasit claws you.
You feel clumsy.
The quasit claws you but does no damage.
Bezhaha's ghost hits you.
You puncture the quasit!
You kill the quasit!
Bezhaha's ghost hits you!
You have reached level 10!
You hit the kobold brigand but do no damage.
The kobold brigand hits you but does no damage.
Space warps around you.
Bezhaha's ghost whispers, "It is all a dream - a grotesque and foolish dream."
Bezhaha's ghost hits you!
You puncture the kobold brigand!
The kobold brigand is severely wounded.
The kobold brigand hits you with a +0 whip of distortion.
Space warps horribly around you! Bezhaha's ghost hits you.
You barely miss the kobold brigand.
The kobold brigand is severely wounded.
You block the kobold brigand's attack. Bezhaha's ghost hits you.
Unknown command.
You closely miss the kobold brigand.
Your tail-slap misses the kobold brigand.
The kobold brigand is severely wounded.
The kobold brigand hits you but does no damage.
Space warps around you.
* * * LOW HITPOINT WARNING * * *
Bezhaha's ghost hits you!!
* * * LOW HITPOINT WARNING * * *
You impale the kobold brigand!!
You kill the kobold brigand!
Bezhaha's ghost hits you.
You die...

#.......###..###.....#.#
#..###.##©####.##....#.#
#..#.###)4K##:5.#....#.#
#..#©.W.§.§...#!#©...#.##
#..##..#.##.#...##.......
#...#.####.###.#.##....##
#...##.4#.##.#...##...##
#....##W#$#..##[##...###
#.....#.@∩##..###......##
#.....#:.#.#.............
#...###.##.##..........##
#...# ##.)..#####........
#..##...###..#####...#...
#.©#.# ##.#.#..:x#...#.##
#..##.##..##..####...#.#
#...###....####......#.#
#....................#.#


You could see a rust devil and bezhaha's ghost.

Vanquished Creatures
  An arcanist (D:7)
  A gargoyle (D:6)
  Grinder (D:5)
  A hornet (D:6)
  Eustachio (D:6)
  A steam dragon (D:6)
  2 small abominations (D:7)
  2 black bears
  2 ice beasts
  An ogre (D:6)
  2 orc warriors
  A centaur (D:7)
  2 phantoms
  3 kobold brigands
  2 bullfrogs (D:7)
  2 scorpions
  A howler monkey (D:5)
  A quasit (D:7)
  4 hounds
  4 orc priests (D:6)
  2 jellies
  Crazy Yiuf (D:3)
  Natasha (twice) (D:3)
  2 gnoll boudas
  Ijyb (D:5)
  3 iguanas (D:5)
  5 orc wizards
  11 gnolls
  9 adders
  2 white imps
  2 ufetubi (D:6)
  4 dart slugs
  25 orcs
  7 bats
  6 endoplasms
  7 giant cockroaches
  7 goblins
  11 hobgoblins
  6 quokkas
  4 ball pythons
  2 frilled lizards (D:3)
  19 kobolds
  4 rats
177 creatures vanquished.

Notes
Turn   | Place    | Note
-------+----------+-------------------------------------------
     0 | D:1      | Malachi the Armataur Fighter began the quest for the Orb.
     0 | D:1      | Reached XP level 1. HP: 17/17 MP: 1/1
   124 | D:1      | Reached skill level 3 in Fighting
   155 | D:1      | Reached XP level 2. HP: 24/24 MP: 2/2
   978 | D:2      | Reached XP level 3. HP: 25/29 MP: 3/3
  1355 | D:2      | Identified the +9 spear of Secoibem {freeze, +Blink rC+
                  | Int+4}
  1398 | D:2      | Found a faded altar of an unknown god.
  1443 | D:2      | Identified the +7 spear of the End of Times {drain, Dex+3}
  1455 | D:2      | Identified the +0 robe of Ignis's Benevolence {rPois rN++
                  | rCorr Int-4}
  1578 | D:2      | You fall into a shaft and drop 2 floors!
  1946 | D:2      | Reached XP level 4. HP: 35/35 MP: 4/4
  2291 | D:3      | Noticed Natasha
  2297 | D:3      | Killed Natasha
  2300 | D:3      | Reached skill level 1 in Polearms
  2376 | D:3      | Identified the +2 short sword "Vonta" {elec, Str+4}
  2657 | D:3      | Found a runed translucent door.
  2658 | D:3      | Noticed Crazy Yiuf
  2752 | D:3      | Found Jicimer's Antique Weapon Emporium.
  2756 | D:3      | Reached XP level 5. HP: 42/42 MP: 5/5
  2829 | D:3      | Found an iron altar of Okawaru.
  2867 | D:3      | Noticed Natasha
  2873 | D:3      | Killed Natasha
  3161 | D:3      | Killed Crazy Yiuf
  3162 | D:3      | Reached skill level 4 in Fighting
  3294 | D:4      | Noticed a black bear
  3304 | D:4      | Killed a black bear
  3305 | D:4      | Reached XP level 6. HP: 43/48 MP: 6/6
  3360 | D:4      | Found Dasoic's Book Boutique.
  3365 | D:4      | Found an ancient bone altar of Kikubaaqudgha.
  3697 | D:4      | Reached skill level 5 in Armour
  3834 | D:5      | Entered Level 5 of the Dungeon
  3931 | D:5      | Reached skill level 5 in Shields
  3931 | D:5      | Gained mutation: You roll and regenerate health when moving
                  | toward enemies. (Rampage Heal) [Armataur growth]
  3931 | D:5      | Reached XP level 7. HP: 21/55 MP: 7/7
  3959 | D:5      | Reached skill level 5 in Fighting
  4028 | D:5      | Noticed Ijyb
  4034 | D:5      | Killed Ijyb
  4077 | D:5      | Noticed Grinder
  4081 | D:5      | Found a staircase to the Ecumenical Temple.
  4090 | D:5      | Killed Grinder
  4096 | D:5      | Reached XP level 8. HP: 50/64 MP: 8/8
  4171 | D:5      | Reached skill level 6 in Fighting
  4323 | D:5      | Identified a scroll of acquirement
  4323 | D:5      | Acquired the +9 morningstar of Uncomfortable Rashes {holy,
                  | rF+ MP+9 Str+3 Dex-2}
  4590 | D:6      | Noticed a gargoyle
  4601 | D:6      | Killed a gargoyle
  4915 | D:6      | Reached skill level 7 in Fighting
  4971 | D:6      | Found a hide-covered altar of Uskayaw.
  4980 | D:6      | Found a snail-covered altar of Cheibriados.
  5009 | D:6      | Found a basalt altar of Yredelemnul.
  5031 | D:6      | Paralysed by something for 2 turns
  5034 | D:6      | Reached skill level 5 in Maces & Flails
  5129 | D:6      | Reached XP level 9. HP: 72/72 MP: 9/9
  5387 | D:6      | Noticed Eustachio
  5396 | D:6      | Killed Eustachio
  5647 | D:7      | Reached skill level 8 in Fighting
  5657 | D:7      | Paralysed by a hornet for 1 turns
  6409 | D:7      | Noticed an arcanist
  6410 | D:7      | Found a one-way gate to the infinite horrors of the Abyss.
  6411 | D:7      | Noticed bezhaha's ghost (novice TrSh)
  6415 | D:7      | Found a transporter.
  6434 | D:7      | Found a transporter.
  6488 | D:7      | Noticed a rust devil
  6567 | D:7      | Killed an arcanist
  6568 | D:7      | Reached skill level 9 in Fighting
  6580 | D:7      | Reached XP level 10. HP: 67/83 MP: 10/10
  6583 | D:7      | HP: 2/83 [bezhaha's ghost (21)]
  6584 | D:7      | Slain by bezhaha's ghost

Illustrated notes

Levels and vault maps discovered:
D:1:      wheals_arrival_linesprint, layout_loops_ring
D:2:      layout_loops_corners, chequers_ecumenical_altar_island,
          minmay_misc_feat_doors
D:3:      kennysheep_big_flooded_room, layout_loops_corners, okawaru_gym_becter,
          serial_shops, shop, minivault_5, minmay_misc_feat_roman,
          uniq_crazy_yiuf_cottage, uniq_natasha
D:4:      layout_basic, mainiacjoe_overflow_cross_hatched, serial_shops, shop,
          grunt_ministairs_12
D:5:      layout_rooms, minmay_temple_entry_statues_fountains,
          kennysheep_generic_room_8, uniq_ijyb, uniq_grinder
D:6:      layout_cave_pods, mainiacjoe_overflow_six_doors_small,
          mainiacjoe_overflow_catch_the_wave,
          eino_small_chamber_without_monster, uniq_eustachio
D:7:      layout_rooms, gammafunk_ghost_abyssal_escape, enter_bailey_7

Skill      XL: |  1  2  3  4  5  6  7  8  9 |
---------------+----------------------------+-----
Maces & Flails | 2 5 7 |  7.5
Fighting       | 3 4 5 7 9 |  9.3
Armour         | 4 5 |  5.0
Polearms       | 1 2 4 |  4.4
Shields        | 4 5 |  5.0

Action                     |  1- 3 |  4- 6 |  7- 9 | 10-12 || total
---------------------------+-------+-------+-------+-------++-------
  Melee: Flail             |    91 |       |       |       ||    91
         Tailslap          |     9 |     8 |    23 |       ||    40
         Spear             |    15 |   110 |    66 |       ||   191
         Morningstar       |       |       |   156 |     5 ||   161
    Use: Scroll            |       |     4 |     6 |       ||    10
         Potion            |       |     3 |     5 |       ||     8
 Armour: Scale mail        |    67 |       |       |       ||    67
         Plate armour      |     6 |    88 |   258 |     8 ||   360
  Dodge: Dodged            |    37 |    18 |    57 |       ||   112
  Block: Buckler           |    21 |    44 |   132 |     1 ||   198
         Reflection        |       |     6 |     4 |       ||    10

Table legend: (Time is in decaauts)
 A = Elapsed time spent in this place.
 B = Non-inter-level travel time spent in this place.
 C = Inter-level travel time spent in this place.
 D = Time resting spent in this place.
 E = Time spent auto-exploring this place.
 F = Levels seen in this place.
 G = Mean time per level.
                   A        B        C        D        E       F      G
               +--------+--------+--------+--------+--------+-----+--------+
         Total |   6643 |   6188 |    455 |    636 |   4422 |   7 |  949.0 |
       Dungeon |   6643 |   6188 |    455 |    636 |   4422 |   7 |  949.0 |
               +--------+--------+--------+--------+--------+-----+--------+

Top non-repeatable levels by time:
     D:6: 1655 daAuts
     D:3: 1189 daAuts
     D:1: 990 daAuts
     D:2: 890 daAuts
     D:4: 825 daAuts
     D:7: 576 daAuts
     D:5: 515 daAuts
